 Dungeon Crawl Stone Soup version 0.30-a0-728-gc68057be0a (webtiles) character file.

Game seed: 3562851023840067799

1202 jimonade the Insei (level 8, -1/38 HPs)
             Began as a Vine Stalker Transmuter on Feb 1, 2023.
             Was a Priest of Uskayaw.
             Slain by a wight
             ... wielding a +4 great sword
              (17 damage)
             ... on level 6 of the Dungeon.
             The game lasted 00:09:25 (4155 turns).

jimonade the Insei (Vine Stalker Transmuter)        Turns: 4155, Time: 00:09:26

Health: -1/38      AC:  3    Str: 12    XL:     8   Next: 44%
Magic:  0/14       EV: 12    Int: 16    God:    Uskayaw [***...]
Gold:   315        SH:  5    Dex: 16    Spells: 11/14 levels left

rFire   . . .      SeeInvis .      - Unarmed
rCold   + . .      Faith    .    (no shield)
rNeg    . . .      Spirit   +    q - +0 leather armour of Reason {rC+ Regen+ Str-2 Int+3}
rPois   +          Reflect  +    (helmet currently unavailable)
rElec   .          Harm     .    (no cloak)
rCorr   .          Rampage  .    (no gloves)
Will    +....                    (boots currently unavailable)
Stlth   +                        s - amulet of reflection
HPRegen 1.86/turn                j - ring of poison resistance
MPRegen 0.14/turn                (no ring)

@: appendages (expiring), wereblooded
A: horns 2, talons 2, fangs 3, regeneration 1, magic shield, antimagic bite, no
potion heal 2
a: End Transformation, Renounce Religion, Stomp, Line Pass


You were on level 6 of the Dungeon.
You worshipped Uskayaw.
Uskayaw was noncommittal.
You had temporarily grown beastly horns and talons.
You visited 1 branch of the dungeon, and saw 6 of its levels.

You collected 315 gold pieces.

Inventory:

Missiles
 v - 3 atropa-tipped darts
Armour
 a - a +0 robe
 f - a +0 scale mail
 i - a +0 pair of boots (melded)
 q - the +0 leather armour of Reason (worn) {rC+ Regen+ Str-2 Int+3}
   (You took it off an orc on level 4 of the Dungeon)

   Str:       It affects your strength (-2).
   Int:       It affects your intelligence (+3).
   rC:        It protects you from cold.
   Regen:     It increases your rate of health regeneration.
 u - +0 steam dragon scales
Jewellery
 j - a ring of poison resistance (left hand)
 s - an amulet of reflection (around neck)
Scrolls
 c - a scroll of blinking
 d - 2 scrolls of enchant weapon
 k - 6 scrolls of identify
 l - 3 scrolls of teleportation
 p - a scroll of poison
 r - a scroll of immolation {unknown}
 t - 2 scrolls of fear {unknown}
 w - a scroll of magic mapping {unknown}
Potions
 b - 2 potions of lignification
 e - a potion of berserk rage {unknown}
 g - a potion of ambrosia {unknown}
 h - a potion of flight {unknown}
 m - a potion of attraction {unknown}
 n - a potion of magic {unknown}
 o - 3 potions of curing {unknown}


   Skills:
 + Level 1.7 Fighting
 + Level 2.3 Armour
 + Level 2.8 Dodging
 + Level 1.0 Shields
 * Level 7.2 Unarmed Combat
 + Level 3.9 Spellcasting
 + Level 3.6 Transmutations
 * Level 2.2 Invocations


You had 11 spell levels left.
You knew the following spells:

 Your Spells              Type           Power      Damage    Failure   Level
a - Beastly Appendage     Tmut           28%        N/A       4%          1
b - Wereblood             Tmut           14%        N/A       8%          2

Your spell library contained the following spells:

 Spells                   Type           Power      Damage    Failure   Level
 Magic Dart               Conj           12%        1d3       22%         1
 Spider Form              Tmut/Pois      9%         N/A       30%         3
 Call Imp                 Summ           3%         N/A       32%         2
 Mephitic Cloud           Conj/Pois/Air  3%         N/A       54%         3
 Ice Form                 Ice/Tmut       9%         N/A       71%         4


Dungeon Overview and Level Annotations

Branches:
Dungeon (6/15)             Temple (0/1) D:4

Altars:
Okawaru
Qazlal
Ru
Trog
Uskayaw
Yredelemnul

Shops:
D:5 ?

Annotations:
D:3 3 runed translucent doors, cforsyth's ghost, amateur BaHu
D:4 3 runed translucent doors, hikkokomori's ghost, amateur TeRe


Innate Abilities, Weirdness & Mutations

You have temporarily grown beastly horns and talons.
You have razor-sharp teeth.
Your natural rate of healing is unusually fast.
When hurt, damage is shared between your health and your magic reserves.
Your bite disrupts and absorbs the magic of your enemies.
Potions cannot restore your health.


Message History

You punch the wight! You claw the wight, but do no damage.
You headbutt the wight.
You destroy the wight!
You can now pass through a line of other dancers.
Your life force feels restored.
You completely miss the wight. You claw the wight.
Your headbutt misses the wight. Your punch misses the wight.
Your bite misses the wight.
The wight is lightly damaged.
Your transformation is almost over.
The wight hits you with a +4 short sword of freezing!
The wight freezes you.
You barely miss the wight. Your bite misses the wight.
The wight is lightly damaged.
The wight hits you with a +4 short sword of freezing.
The wight freezes you.
Your magical contamination has completely faded away.
You closely miss the wight. You claw the wight.
The wight is heavily damaged.
Casting: Wereblood (safe; 8% risk of failure)
Confirm with . or Enter, or press ? or * to list all spells.
Your blood is infused with primal strength.
You hit the wight. You claw the wight, but do no damage.
The wight is moderately damaged.
The wight hits you with a +2 flail!
Uskayaw will force your foes to helplessly watch your dance.
Uskayaw prepares the audience for your solo!
You are too injured to fight recklessly!
You are too injured to fight recklessly!
You are too injured to fight recklessly!
The helpless wight fails to defend itself.
You punch the wight!
You feel a bit better.
You destroy the wight!
The wight is no longer paralysed.
You block the wight's attack.
You hit the wight. You claw the wight. Your bite misses the wight.
The wight is moderately damaged.
The wight hits you with a +4 short sword of freezing!
The wight freezes you.
The wight hits you with a +4 great sword!!
You die...

..... ##.# # .....
#..# # ..... #..#
# ...# ##..# ###
... #..####.. #.##
#........ #..##
###....####
###..z###
##..##### #
##....#@.####..##
# #...#..z......##
#
#...##.....#....##
..# ###..##.....#
# ######....##
#.....# #.....##
##......#
##.......##


You could see 2 wights.

Vanquished Creatures
  A steam dragon (D:6)
  4 black bears
  A centaur (D:6)
  A necrophage (D:6)
  A scorpion (D:5)
  2 wights (D:6)
  A howler monkey (D:6)
  2 jellies
  A hound (D:5)
  An orc wizard (D:5)
  An iguana (D:6)
  3 gnolls (D:6)
  11 adders
  A shadow imp (D:5)
  2 ufetubi
  2 worms
  A dart slug (D:2)
  13 orcs
  7 ball pythons
  6 endoplasms
  3 giant cockroaches
  3 goblins
  4 hobgoblins
  4 jackals (D:3)
  3 quokkas
  2 bats
  2 frilled lizards
  6 kobolds
  4 rats
93 creatures vanquished.

Vanquished Creatures (others)
  3 plants (D:3)
3 creatures vanquished.

Grand Total: 96 creatures vanquished

Notes
Turn   | Place    | Note
-------+----------+-------------------------------------------
     0 | D:1      | jimonade the Vine Stalker Transmuter began the quest for
                  | the Orb.
     0 | D:1      | Reached XP level 1. HP: 9/9 MP: 4/4
    11 | D:1      | Noticed a centaur
   457 | D:1      | Reached XP level 2. HP: 14/14 MP: 6/6
   673 | D:2      | Found an iron altar of Okawaru.
   747 | D:2      | Reached XP level 3. HP: 11/17 MP: 3/7
   840 | D:2      | Reached skill level 4 in Unarmed Combat
  1071 | D:2      | Gained mutation: Your natural rate of healing is unusually
                  | fast. [Vine Stalker growth]
  1071 | D:2      | Reached XP level 4. HP: 9/21 MP: 5/8
  1613 | D:3      | Noticed cforsyth's ghost (amateur BaHu)
  1646 | D:3      | Found a faded altar of an unknown god.
  1675 | D:3      | Found a runed translucent gate.
  1676 | D:3      | Found a runed translucent gate.
  1676 | D:3      | Found a runed translucent gate.
  1725 | D:3      | Reached skill level 1 in Fighting
  2286 | D:3      | Reached XP level 5. HP: 25/25 MP: 10/10
  2360 | D:3      | Found a bloodstained altar of Trog.
  2598 | D:4      | Found a runed translucent gate.
  2601 | D:4      | Found a runed translucent gate.
  2601 | D:4      | Found a runed translucent gate.
  2602 | D:4      | Noticed hikkokomori's ghost (amateur TeRe)
  2604 | D:4      | Identified the +6 scale mail of Untold Secrets {rN+}
  2604 | D:4      | Noticed an orc warrior
  2778 | D:4      | Found a hide-covered altar of Uskayaw.
  2779 | D:4      | Identified the +0 leather armour of Reason {rC+ Regen+
                  | Str-2 Int+3}
  2790 | D:4      | Became a worshipper of Uskayaw the Reveller
  2797 | D:4      | Noticed a black bear
  2812 | D:4      | Reached * piety under Uskayaw
  2814 | D:4      | Reached ** piety under Uskayaw
  2818 | D:4      | Killed a black bear
  2818 | D:4      | Reached *** piety under Uskayaw
  2819 | D:4      | Reached skill level 5 in Unarmed Combat
  2819 | D:4      | Reached XP level 6. HP: 18/30 MP: 3/11
  3008 | D:4      | Found a basalt altar of Yredelemnul.
  3039 | D:4      | Found a stormy altar of Qazlal.
  3201 | D:4      | Found a staircase to the Ecumenical Temple.
  3347 | D:5      | Entered Level 5 of the Dungeon
  3524 | D:5      | Reached **** piety under Uskayaw
  3527 | D:5      | Reached XP level 7. HP: 33/33 MP: 13/13
  3564 | D:5      | Found a sacrificial altar of Ru.
  3586 | D:5      | Found Faghum's Magic Scroll Shop.
  3753 | D:6      | Reached skill level 6 in Unarmed Combat
  3753 | D:6      | Reached skill level 1 in Invocations
  3763 | D:6      | Reached ***** piety under Uskayaw
  3767 | D:6      | Reached skill level 1 in Armour
  3775 | D:6      | Gained mutation: You have razor-sharp teeth. [Vine Stalker
                  | growth]
  3775 | D:6      | Reached XP level 8. HP: 38/38 MP: 5/14
  3837 | D:6      | Learned a level 2 spell: Wereblood
  3859 | D:6      | Reached skill level 1 in Shields
  3953 | D:6      | Reached skill level 7 in Unarmed Combat
  4155 | D:6      | Slain by a wight

Illustrated notes

Levels and vault maps discovered:
D:1:      evilmike_arrival_come_back, layout_basic
D:2:      layout_loops_ring, basic_altar, chequers_serial_rivers_large_b,
          minmay_close_crescents
D:3:      cheibrodos_old_hovel, layout_basic, trog_book,
          shapermc_ecumenical_altar_mp_highgroup, gammafunk_ghost_split
D:4:      layout_loops_ring, mainiacjoe_overflow_paths,
          mainiacjoe_overflow_surrounded_room, nicolae_uskayaw_dance_hall,
          temple_pool_b, biasface_ghost_orc_armoury
D:5:      layout_basic, hangedman_ru_absence, serial_shops,
          nicolae_shop_waterfront, kennysheep_generic_room_15
D:6:      layout_cave_pods, nicolae_overflow_hidden_temple,
          minmay_increasing_density

Skill      XL: |  1  2  3  4  5  6  7  8 |
---------------+-------------------------+-----
Unarmed Combat | 4 5 6 7 |  7.2
Fighting       | 1 |  1.7
Dodging        | 2 |  2.8
Spellcasting   | 3 |  3.9
Transmutations | 3 |  3.6
Invocations    | 1 2 |  2.2
Armour         | 1 2 |  2.3
Shields        | 1 |  1.0

Action                     |  1- 3 |  4- 6 |  7- 9 || total
---------------------------+-------+-------+-------++-------
  Melee: Unarmed           |    66 |   142 |    49 ||   257
         Kick              |     9 |    41 |    23 ||    73
         Bite              |    14 |    27 |    16 ||    57
         Headbutt          |     8 |    21 |    13 ||    42
         Punch             |     1 |     1 |       ||     2
   Cast: Beastly Appendage |    15 |    38 |     8 ||    61
         Wereblood         |       |       |     4 ||     4
    Use: Scroll            |     4 |     3 |       ||     7
   Stab: Sleeping          |       |     2 |       ||     2
         Paralysed         |       |     1 |     4 ||     5
 Armour: Robe              |     4 |    19 |       ||    23
         Leather armour    |       |     5 |    15 ||    20
  Dodge: Dodged            |    33 |    93 |    43 ||   169
  Block: Other             |       |       |    16 ||    16
         Reflection        |       |       |     2 ||     2

Table legend: (Time is in decaauts)
 A = Elapsed time spent in this place.
 B = Non-inter-level travel time spent in this place.
 C = Inter-level travel time spent in this place.
 D = Time resting spent in this place.
 E = Time spent auto-exploring this place.
 F = Levels seen in this place.
 G = Mean time per level.
                   A        B        C        D        E       F      G
               +--------+--------+--------+--------+--------+-----+--------+
         Total |   4156 |   3925 |    231 |     66 |   2963 |   6 |  692.7 |
       Dungeon |   4156 |   3925 |    231 |     66 |   2963 |   6 |  692.7 |
               +--------+--------+--------+--------+--------+-----+--------+

Top non-repeatable levels by time:
     D:3: 1008 daAuts
     D:2: 900 daAuts
     D:4: 782 daAuts
     D:1: 666 daAuts
     D:6: 498 daAuts
     D:5: 299 daAuts
